 Dungeon Crawl Stone Soup version 0.16-a0-4083-g5af668b (console) character file.

135 mauris the Grasshopper (level 4, -3/27 HPs)
             Began as a High Elf Wizard on Feb 22, 2015.
             Slain by a worker ant (6 damage)
             ... on level 4 of the Dungeon.
             The game lasted 00:07:42 (4366 turns).

mauris the Grasshopper (High Elf Wizard)            Turns: 4366, Time: 00:07:43

Health: -3/27      AC:  3    Str:  6    XL:     4   Next: 97%
Magic:  1/13       EV: 12    Int: 23    God:
Gold:   125        SH:  0    Dex: 13    Spells: 4 memorised, 2 levels left

rFire  . . .     SeeInvis .     e - +1 short sword (vamp)
rCold  . . .     Clarity  .     a - +0 robe
rNeg   . . .     SustAb   .     (no shield)
rPois  .         Gourm    .     b - +0 hat
rElec  .         Spirit   .     (no cloak)
rCorr  .         Warding  .     (no gloves)
rMut   .         Stasis   .     n - +0 pair of boots
MR     .....                    (no amulet)
Stlth  ++........               (no ring)
                                h - ring of invisibility

@: very slightly contaminated, not resistant to hostile enchantments, unstealthy
A: no striking features
a: Evoke Invisibility


You were on level 4 of the Dungeon.
You were not hungry.

You visited 1 branch of the dungeon, and saw 4 of its levels.

You collected 125 gold pieces.

Inventory:

Hand weapons
 e - a +1 vampiric short sword (weapon)
Armour
 a - a +0 robe (worn)
 b - a +0 hat (worn)
 n - a +0 pair of boots (worn)
Jewellery
 h - a ring of invisibility (left hand)
 s - an uncursed ring of fire {unknown}
Scrolls
 f - 3 scrolls of remove curse
 j - 2 scrolls of teleportation {@r4}
 o - a scroll of magic mapping {unknown}
 q - a scroll of random uselessness {unknown}
 r - 2 scrolls of identify {@r1}
Potions
 g - a potion of magic {unknown}
 m - a potion of brilliance {unknown}
 p - 2 potions of might {unknown}
 t - 2 potions of flight {unknown}
Books
 c - a book of Minor Magic

   Spells                             Type                      Level
   a - Magic Dart                     Conjuration                  1
   b - Blink                          Translocation                2
   c - Call Imp                       Summoning                    2
   d - Repel Missiles                 Charms/Air                   2
   e - Slow                           Hexes                        2
   f - Conjure Flame                  Conjuration/Fire             3
   g - Mephitic Cloud                 Conjuration/Poison/Air       3
Comestibles
 d - 3 bread rations
 i - a royal jelly
 l - a slice of pizza


   Skills:
 - Level 2.1 Dodging
 - Level 2.1 Stealth
 - Level 3.6 Spellcasting
 + Level 2.3 Conjurations
 - Level 1.7 Charms
   Level 0.8 Summonings
 - Level 3.8 Translocations
 + Level 0.0 Fire Magic
 - Level 2.1 Air Magic


You had 2 spell levels left.
You knew the following spells:

 Your Spells              Type           Power        Failure   Level  Hunger
a - Magic Dart            Conj           ##..         4%          1    None
b - Blink                 Tloc           N/A          3%          2    #......
c - Conjure Flame         Conj/Fire      #.......     21%         3    ###....
r - Repel Missiles        Chrm/Air       ##....       10%         2    #......


Dungeon Overview and Level Annotations

Branches:
Dungeon (4/15)
 Temple: D:4-7

Altars:
Elyvilon


Message History

Drink which item? (? for menu, Esc to quit)
You feel better. The worker ant closely misses you.
You hit the worker ant.
The worker ant is severely wounded.
The worker ant bites you.
* * * LOW HITPOINT WARNING * * *
The worker ant closely misses you.
Huge Dmg: -18%(-5hp) hp: 23%(6hp)
You hit the worker ant.
The worker ant is almost dead.
The worker ant barely misses you.
You hit the worker ant.
You feel better.
The worker ant is almost dead.
The worker ant bites you.
* * * LOW HITPOINT WARNING * * *
Huge Dmg: -11%(-3hp) hp: 12%(3hp)
You hit the worker ant but do no damage.
The worker ant is almost dead.
The worker ant bites you.
You die...

#.#...#######.........
#.......##............
#######.##..........#
#######.##......###.#
........##......# #
##########......###+###
#............#
#............###
#......ea.......
#...(...........
#######........
#.....[.. #......##
####.### .# .#


You could see a worker ant.

Vanquished Creatures
  4 adders
  3 worms
  2 giant geckos
  2 oozes
  4 orcs (D:3)
  7 bats
  13 goblins
  16 hobgoblins
  7 kobolds
  A quokka (D:4)
  2 giant cockroaches
  A giant gecko skeleton (D:4)
  2 giant newts
  2 jackals (D:3)
  6 rats
72 creatures vanquished.

Notes
Turn   | Place    | Note
--------------------------------------------------------------
     0 | D:1      | mauris, the High Elf Wizard, began the quest for the Orb.
     0 | D:1      | Reached XP level 1. HP: 11/11 MP: 5/5
   225 | D:1      | Huge Dmg: 4 Dmg
   227 | D:1      | Huge Dmg: 3 Dmg
   363 | D:1      | Reached XP level 2. HP: 12/17 MP: 5/7
   367 | D:1      | Learned a level 2 spell: Blink
   702 | D:1      | Huge Dmg: 5 Dmg
   703 | D:1      | Huge Dmg: 5 Dmg
  1274 | D:1      | Reached XP level 3. HP: 21/21 MP: 2/10
  1965 | D:2      | Huge Dmg: 5 Dmg
  1991 | D:2      | Huge Dmg: 7 Dmg
  2777 | D:2      | Reached XP level 4. HP: 27/27 MP: 6/13
  2830 | D:2      | Learned a level 2 spell: Repel Missiles
  3301 | D:3      | Reached skill level 1 in Charms
  3314 | D:3      | Found a white marble altar of Elyvilon.
  3345 | D:3      | Reached skill level 1 in Air Magic
  4066 | D:4      | Huge Dmg: 6 Dmg
  4071 | D:4      | Huge Dmg: 6 Dmg
  4073 | D:4      | HP: 1/27 [worker ant (8)]
  4074 | D:4      | Huge Dmg: 13 Dmg
  4317 | D:4      | Learned a level 3 spell: Conjure Flame
  4356 | D:4      | Huge Dmg: 6 Dmg
  4358 | D:4      | Huge Dmg: 5 Dmg
  4361 | D:4      | Huge Dmg: 6 Dmg
  4362 | D:4      | Huge Dmg: 4 Dmg
  4364 | D:4      | Huge Dmg: 5 Dmg
  4366 | D:4      | Huge Dmg: 3 Dmg
  4366 | D:4      | Slain by a worker ant

Action                   |  1- 3 |  4- 6 || total
-------------------------+-------+-------++-------
Melee: Unarmed           |     6 |       ||     6
       Short sword       |     7 |     9 ||    16
 Cast: Magic Dart        |   116 |   118 ||   234
       Blink             |       |     4 ||     4
  Use: Scroll            |     3 |     1 ||     4
       Potion            |       |     3 ||     3
  Eat: Chunk             |     5 |     5 ||    10
       Meat ration       |     1 |       ||     1

Vault maps used:
D:1:      evilmike_arrival_sounds_zot, st_stairs_4
D:2:      serial_bayou_lagoon_b
D:3:      old_standard_altar, kennysheep_generic_room_10
D:4:      first_bread, uniq_iyjb
